 Dungeon Crawl Stone Soup version 0.18.1-8-gdd0e5ea (webtiles) character file.

114 rockintein the Chopper (level 4, -5/39 HPs)
             Began as a Minotaur Berserker on June 9, 2016.
             Was a Believer of Trog.
             Killed by nerve-wracking pain
             ... invoked by Grinder
              (11 damage)
             ... while paralysed by Grinder
             ... on level 3 of the Dungeon.
             The game lasted 00:03:44 (2182 turns).

rockintein the Chopper (Minotaur Berserker)         Turns: 2182, Time: 00:03:45

Health: -5/39      AC: 13    Str: 22    XL:     4   Next: 67%
Magic:  3/3        EV:  2    Int:  4    God:    Trog [**....]
Gold:   114        SH:  0    Dex: 10    Spells: 0 memorised, 3 levels left

rFire  . . .     SeeInvis .     a - +1 hand axe
rCold  . . .     Gourm    .     s - +0 plate armour
rNeg   . . .     Faith    .     (no shield)
rPois  .         Spirit   .     (helmet restricted)
rElec  .         Dismiss  .     n - +0 cloak
rCorr  .         Reflect  .     (no gloves)
SustAt .         Harm     .     e - +0 pair of boots
MR     .....                    (no amulet)
Stlth  ..........               (no ring)
                                (no ring)

@: paralysed, not resistant to hostile enchantments, extremely unstealthy
A: retaliatory headbutt, horns 2
a: Berserk, Trog's Hand, Burn Spellbooks, Renounce Religion


You were on level 3 of the Dungeon.
You worshipped Trog.
Trog was pleased with you.
You were not hungry.

You visited 1 branch of the dungeon, and saw 3 of its levels.

You collected 114 gold pieces.

Inventory:

Hand Weapons
 a - a +1 hand axe (weapon)
 r - a +0 flail of protection
Armour
 e - a +0 pair of boots (worn)
 n - a +0 cloak (worn)
 s - a +0 plate armour (worn)
Scrolls
 d - 5 scrolls of identify
 i - 2 scrolls of remove curse
 j - a scroll of recharging
Potions
 g - a potion of degeneration {unknown}
 h - 2 potions of brilliance
Comestibles
 b - a royal jelly
 c - 5 bread rations
 f - a chunk of flesh
 l - 2 meat rations


   Skills:
 - Level 3.6 Fighting
 * Level 6.5 Axes
 + Level 2.6 Armour
 - Level 2.1 Dodging


You had 3 spell levels left.
You didn't know any spells.

Dungeon Overview and Level Annotations

Branches:
Dungeon (3/15)

Altars:
Ashenzari

Annotations:
D:3 Grinder


Innate Abilities, Weirdness & Mutations

You reflexively headbutt those who attack you in melee.
You have a pair of horns on your head.


Message History

Your plate armour prevents you from hitting Grinder.
Grinder is lightly wounded.
Grinder hits you.
You writhe in agony.
You closely miss Grinder. You headbutt Grinder.
Grinder is lightly wounded.
Grinder barely misses you.
You hit Grinder.
Grinder is lightly wounded.
Grinder gestures at you.
You suddenly lose the ability to move!
Grinder gestures at you. Pain shoots through your body! Grinder hits you.
You writhe in agony.
Grinder hits you.
* * * LOW HITPOINT WARNING * * *
You writhe in agony.
* * * LOW HITPOINT WARNING * * *
Grinder gestures at you. Pain shoots through your body!
You die...

#+#####...##.....#
#.# #...##.....#
#.# #...##.....#
#.# ⌠...8#.....#
#.# #... #.....#
#$#. #...##.†...#
#.#..##...##......
#5#..#8...8#....†.
#@#..##...##......
#.#...............
#?#...............
#.#........#......
#.#........####...
#.#........# #...
#.#........# ...
#.#........# #..
#..........# ..


You could see Grinder.

Vanquished Creatures
  Terence (D:3)
  An adder (D:2)
  2 oozes
  2 worms (D:2)
  A dart slug (D:1)
  A giant gecko (D:1)
  6 bats
  5 giant cockroaches
  4 goblins
  6 hobgoblins
  7 jackals
  8 kobolds
  3 quokkas
  4 ball pythons
  A giant newt (D:1)
  8 rats
60 creatures vanquished.

Notes
Turn   | Place    | Note
--------------------------------------------------------------
     0 | D:1      | rockintein the Minotaur Berserker began the quest for the Orb.
     0 | D:1      | Reached XP level 1. HP: 19/19 MP: 0/0
    55 | D:1      | Found a shattered altar of Ashenzari.
   145 | D:1      | Reached skill level 4 in Axes
   176 | D:1      | Reached XP level 2. HP: 25/26 MP: 1/1
   373 | D:1      | Reached skill level 5 in Axes
   379 | D:1      | Reached ** piety under Trog
   410 | D:1      | Reached XP level 3. HP: 19/31 MP: 2/2
  1779 | D:2      | Reached skill level 6 in Axes
  1779 | D:2      | Reached XP level 4. HP: 36/39 MP: 3/3
  1984 | D:3      | Noticed Terence
  1994 | D:3      | Killed Terence
  2172 | D:3      | Noticed Grinder
  2178 | D:3      | Paralysed by Grinder for 5 turns
  2182 | D:3      | Killed from afar by Grinder

Skill      XL: |  1  2  3 |
---------------+----------+-----
Axes           | 4 5 6 |  6.5
Fighting       | |  3.6
Armour         | |  2.6
Dodging        | |  2.1

Action                   |  1- 3 |  4- 6 || total
-------------------------+-------+-------++-------
Melee: Hand axe          |   109 |    28 ||   137
       Headbutt          |    17 |     5 ||    22
Invok: Berserk           |       |     1 ||     1
  Use: Scroll            |       |     5 ||     5
       Potion            |       |     1 ||     1
 Stab: Sleeping          |     1 |       ||     1
  Eat: Chunk             |     2 |     3 ||     5
Armor: Ring mail         |    48 |     5 ||    53
       Animal skin       |     2 |       ||     2
       Plate armour      |       |    10 ||    10
Dodge: Dodged            |    55 |     7 ||    62
